 Dungeon Crawl Stone Soup version 0.14-a0-882-gdff4d47 (webtiles) character file.

76 PolkaDot the Ruinous (level 2, -4/19 HPs)
             Began as a Vampire Conjurer on Nov 15, 2013.
             Slain by a worm (10 damage)
             ... on Level 2 of the Dungeon on Nov 16, 2013.
             The game lasted 00:05:33 (1333 turns).

PolkaDot the Ruinous (Vampire Conjurer)             Turns: 1333, Time: 00:05:33

HP  -4/19        AC  2     Str  8      XL: 2   Next: 96%
MP   1/5         EV 12     Int 17      God:
Gold 48          SH  0     Dex 14      Spells:  1 memorised,  2 levels left

Res.Fire  : . . .   See Invis. : +   f - +0 short sword (curse)
Res.Cold  : . . .   Warding    : .   a - +0 robe
Life Prot.: + . .   Conserve   : .   (no shield)
Res.Poison: .       Res.Corr.  : .   (no helmet)
Res.Elec. : .       Clarity    : .   (no cloak)
Sust.Abil.: . .     Spirit.Shd : .   (no gloves)
Res.Mut.  : .       Stasis     : .   (no boots)
Res.Rott. : .       Flight     : .   (no amulet)
Saprovore : . . .                    (no ring)
                                     d - +1 ring of strength

@: very slightly contaminated, not resistant to hostile enchantments, stealthy
A: fangs 3, see invisible, unbreathing
a: no special abilities


You were on level 2 of the Dungeon.
You were not thirsty.

You visited 1 branch of the dungeon, and saw 2 of its levels.

You collected 48 gold pieces.

Inventory:

Hand weapons
 f - a cursed +0,+0 short sword (weapon)
Armour
 a - a +0 robe (worn)
Scrolls
 b - a scroll of blinking {unknown}
 e - 3 scrolls of identify {unknown}
 k - 2 scrolls of noise {unknown}
 l - a scroll of fear {unknown}
Jewellery
 d - a +1 ring of strength (left hand)
 h - an uncursed amulet of faith {unknown}
Potions
 g - a potion of heal wounds {unknown}
 i - 2 potions of curing {unknown}
 j - 2 potions of speed {unknown}
Books
 c - a book of Conjurations

   Spells                             Type                      Level
   *Magic Dart                        Conjuration                  1
   Searing Ray                        Conjuration                  2
   Dazzling Spray                     Conjuration/Hexes            3
   Iskenderun's Mystic Blast          Conjuration                  4
   Iskenderun's Battlesphere          Conjuration/Charms           4
   Fulminant Prism                    Conjuration/Hexes            5


   Skills:
 - Level 2.1 Dodging
 - Level 3.0 Stealth
 - Level 1.0 Spellcasting
 * Level 3.7 Conjurations


You had 2 spell levels left.
You knew the following spells:

 Your Spells              Type           Power        Failure   Level  Hunger
a - Magic Dart            Conj           ##..         6%          1    ##.....


Dungeon Overview and Level Annotations

Branches:
Dungeon (2/16)

Altars:
Xom


Innate Abilities, Weirdness & Mutations

You have razor-sharp teeth.
You have supernaturally acute eyesight.
You can survive without breathing.


Message History

The magic dart hits the worm.
The worm is heavily wounded.
Casting: Magic Dart
Confirm with . or Enter, or press ? or * to list all spells.
You don't have enough magic to cast that spell.
No previous command to re-do.
No previous command to re-do.
You barely miss the worm.
The worm is heavily wounded.
The worm barely misses you.
You hit the worm. You bite the worm.
The worm is severely wounded.
The worm bites you!
You hit the worm.
The worm is almost dead.
You barely miss the worm.
The worm is almost dead.
The worm bites you!
Ouch! That really hurt!
You die...

#.# ####...........# #.#
#.........).# #.# #...........#
#.# #...........# #.#
#...........# ##.####
#...........# #.....#
#...........###.. #.....#
#........%........ #.....#
#..@w.......#
###.....####.########..###...
#................<.............
#.###.#######.########..###...
..... #.# #..# # ...... #.#
#..# .......#####.########..#
........w...............
........####.########..##


You could see a worm.

Vanquished Creatures
  A giant gecko (D:2)
  A giant cockroach (D:1)
  2 goblins (D:1)
  6 hobgoblins (D:1)
  2 jackals (D:1)
  5 bats
  6 kobolds
  A rat (D:1)
24 creatures vanquished.

Notes
Turn   | Place    | Note
--------------------------------------------------------------
     0 | D:1      | PolkaDot, the Vampire Conjurer, began the quest for the Orb.
     0 | D:1      | Reached XP level 1. HP: 13/13 MP: 4/4
     0 | D:1      | Upgraded the game from 0.14-a0-852-g0ba292f to 0.14-a0-882-gdff4d47
   297 | D:1      | Reached XP level 2. HP: 19/19 MP: 0/5
  1214 | D:2      | Found a shimmering altar of Xom.
  1333 | D:2      | Slain by a worm

Action                   || total
-------------------------++-------
Melee: Whip              ||     4
       Hand axe          ||     3
       Short sword       ||    26
 Cast: Magic Dart        ||    52
  Use: Potion            ||     1
